 Dungeon Crawl Stone Soup version 0.17.0-28-g6e173f8 (webtiles) character file.

84 plasmid the Ruffian (level 4, -5/44 HPs)
             Began as a Troll Monk on Dec 3, 2015.
             Slain by a gnoll
             ... wielding a +0 halberd
              (10 damage)
             ... on level 3 of the Dungeon.
             The game lasted 00:09:35 (1620 turns).

plasmid the Ruffian (Troll Monk)                    Turns: 1620, Time: 00:09:35

Health: -5/44      AC:  5    Str: 20    XL:     4   Next: 24%
Magic:  3/3        EV: 10    Int:  6    God:
Gold:   47         SH:  0    Dex: 12    Spells: 0 memorised, 3 levels left

rFire  . . .     SeeInvis .       - Unarmed
rCold  . . .     Clarity  .     a - +0 robe
rNeg   . . .     SustAt   .     (no shield)
rPois  .         Gourm    +     (helmet restricted)
rElec  .         Spirit   .     (no cloak)
rCorr  .         Warding  .     (gloves unavailable)
rMut   .         Stasis   .     (boots unavailable)
MR     .....                    (no amulet)
Stlth  +.........               (no ring)
                                (no ring)

@: not resistant to hostile enchantments, very unstealthy
A: unfitting armour, claws 3, fast metabolism 3, gourmand, regeneration 2,
shaggy fur 1, tough skin 2
a: no special abilities


You were on level 3 of the Dungeon.
You were very full.

You visited 1 branch of the dungeon, and saw 3 of its levels.

You collected 47 gold pieces.

Inventory:

Hand Weapons
 k - a +0 spear
 m - a +0 hunting sling
Missiles
 h - 68 stones (quivered)
 n - 21 bolts
 p - 21 sling bullets
Armour
 a - a +0 robe (worn)
Scrolls
 f - 2 scrolls of identify {unknown}
 g - 2 scrolls of fear {unknown}
 o - a scroll of remove curse
 r - a scroll of noise {unknown}
Potions
 d - 2 potions of beneficial mutation {unknown}
 e - a potion of might {unknown}
 i - a potion of ambrosia {unknown}
 j - 2 potions of mutation {unknown}
 l - a potion of curing {unknown}
 q - a potion of haste {unknown}
Comestibles
 b - 4 bread rations
 c - 2 meat rations


   Skills:
 - Level 2.5 Fighting
 - Level 2.5 Dodging
 - Level 1.1 Stealth
 * Level 5.6 Unarmed Combat


You had 3 spell levels left.
You didn't know any spells.

Dungeon Overview and Level Annotations

Branches:
Dungeon (3/15)

Altars:
Kikubaaqudgha
Ru


Innate Abilities, Weirdness & Mutations

You are too large for most types of armour.
You have claws for hands.
Your metabolism is lightning-fast.
You like to eat raw meat.
You heal very quickly.
You are covered in fur (AC +1).
You have very tough skin (AC +2).


Message History

* * * LOW HITPOINT WARNING * * *
You closely miss the gnoll. Your claw misses the gnoll.
The gnoll is almost dead.
The gnoll hits you but does no damage. The gnoll barely misses you.
You claw the gnoll!
You kill the gnoll!
The gnoll hits you.
* * * LOW HITPOINT WARNING * * *
You closely miss the gnoll. You claw the gnoll.
The gnoll is lightly wounded.
The gnoll misses you. The gnoll hits you but does no damage.
You barely miss the gnoll.
The gnoll is lightly wounded.
The gnoll misses you. The gnoll hits you!
* * * LOW HITPOINT WARNING * * *
Read which item? (? for menu, Esc to quit)
As you read the scroll labeled UMEFAT SEONOSK, it crumbles to dust.
You feel blessed for a moment.
It was a scroll of remove curse.
The gnoll hits you from afar with a halberd!
You die...

#####............#
#####..........#
..............## .
##.##..........#..
# #.............
#.............
#..........#..
#.............
##...@gg......
##...).......
#.###(..#..? #.
....... #. #..#..#
#. .#..#. .. .....
.. .#...


You could see 2 gnolls.

Vanquished Creatures
  Terence (D:3)
  2 gnolls (D:3)
  An ooze (D:1)
  2 adder zombies (D:1)
  A ball python (D:2)
  5 goblins
  5 hobgoblins
  A quokka (D:3)
  4 bats
  3 giant newts
  A jackal (D:1)
  4 kobolds
  2 rats
32 creatures vanquished.

Notes
Turn   | Place    | Note
--------------------------------------------------------------
     0 | D:1      | plasmid the Troll Monk began the quest for the Orb.
     0 | D:1      | Reached XP level 1. HP: 22/22 MP: 0/0
   203 | D:1      | Reached XP level 2. HP: 29/29 MP: 1/1
  1010 | D:2      | Reached XP level 3. HP: 31/36 MP: 2/2
  1328 | D:2      | Found an ancient bone altar of Kikubaaqudgha.
  1328 | D:2      | Found a sacrificial altar of Ru.
  1500 | D:3      | Noticed Terence
  1510 | D:3      | Killed Terence
  1510 | D:3      | Reached skill level 5 in Unarmed Combat
  1611 | D:3      | Reached XP level 4. HP: 22/44 MP: 3/3
  1620 | D:3      | Slain by a gnoll

Action                   |  1- 3 |  4- 6 || total
-------------------------+-------+-------++-------
Melee: Unarmed           |    78 |     6 ||    84
Throw: Stone             |     1 |       ||     1
  Use: Scroll            |       |     1 ||     1
  Eat: Chunk             |    19 |       ||    19
